 Dungeon Crawl Stone Soup version 0.18.1-48-g4cf74bf (webtiles) character file.

2221 nikopol the Cleaver (level 9, -6/118 HPs)
             Began as a Minotaur Berserker on July 26, 2016.
             Was an Elder of Trog.
             Mangled by an enormous slime creature (38 damage)
             ... on level 7 of the Dungeon.
             The game lasted 00:13:35 (5618 turns).

nikopol the Cleaver (Minotaur Berserker)            Turns: 5618, Time: 00:13:35

Health: -6/118     AC:  9    Str: 28    XL:     9   Next: 13%
Magic:  8/8        EV: 14    Int:  4    God:    Trog [****..]
Gold:   311        SH:  0    Dex: 12    Spells: 0 memorised, 8 levels left

rFire  . . .     SeeInvis .     x - +0 war axe
rCold  . . .     Gourm    .     A - +3 leather armour
rNeg   . . .     Faith    .     (no shield)
rPois  .         Spirit   .     (helmet restricted)
rElec  .         Dismiss  .     y - +0 cloak
rCorr  .         Reflect  .     C - +0 pair of gloves
SustAt .         Harm     .     (no boots)
MR     .....                    (no amulet)
Stlth  ..........               (no ring)
                                n - ring of loudness (curse)

@: berserking, very quick, not resistant to hostile enchantments, extremely
unstealthy
A: retaliatory headbutt, horns 2
a: Berserk, Trog's Hand, Brothers in Arms, Burn Spellbooks, Renounce Religion


You were on level 7 of the Dungeon.
You worshipped Trog.
Trog was greatly pleased with you.
You were not hungry.

You visited 1 branch of the dungeon, and saw 7 of its levels.

You collected 311 gold pieces.

Inventory:

Hand Weapons
 a - a +0 hand axe
 c - a +0 shortbow
 x - a +0 war axe (weapon)
 K - a +0 broad axe
Missiles
 v - 121 arrows (quivered)
Armour
 b - a +0 animal skin
 i - a +0 leather armour
 r - a +0 ring mail
 y - a +0 cloak (worn)
 A - a +3 leather armour (worn)
 C - a +0 pair of gloves (worn)
Jewellery
 n - a cursed ring of loudness (left hand)
 H - an uncursed amulet of harm {unknown}
 I - an uncursed ring of see invisible {unknown}
 N - a +3 ring of strength {unknown}
Wands
 t - a wand of acid (11/15)
 R - a wand of lightning (5/15)
Scrolls
 d - a scroll of immolation {unknown}
 g - 4 scrolls of fear {unknown}
 j - a scroll of amnesia {unknown}
 l - 2 scrolls of noise {unknown}
 p - 2 scrolls of enchant armour {unknown}
 s - 6 scrolls of identify {unknown}
 B - 3 scrolls of remove curse {unknown}
 G - 3 scrolls of teleportation {unknown}
 J - a scroll of enchant weapon {unknown}
 M - a scroll of silence {unknown}
Potions
 e - 2 potions of heal wounds {unknown}
 h - a potion of haste {unknown}
 m - 3 potions of curing {unknown}
 q - a potion of cancellation {unknown}
 w - a potion of agility
 D - 2 potions of might {unknown}
 E - 2 potions of flight {unknown}
 F - 2 potions of mutation {unknown}
 L - a potion of resistance {unknown}
 O - a potion of invisibility {unknown}
 Q - a potion of brilliance {unknown}
Comestibles
 f - 13 fruits
 k - 5 meat rations
 o - a royal jelly
 u - a slice of pizza
 P - 6 bread rations


   Skills:
 + Level 7.4 Fighting
 * Level 8.4 Axes
 * Level 4.5 Bows
 + Level 6.8 Armour
 + Level 6.4 Dodging


You had 8 spell levels left.
You didn't know any spells.

Dungeon Overview and Level Annotations

Branches:
Dungeon (7/15)             Temple (0/1) D:5

Altars:
Cheibriados
Kikubaaqudgha
Pakellas
Trog
Xom


Innate Abilities, Weirdness & Mutations

You reflexively headbutt those who attack you in melee.
You have a pair of horns on your head.


Message History

You slash the enormous slime creature!
You headbutt the enormous slime creature!!
The enormous slime creature is heavily wounded.
The enormous slime creature hits you.
* * * LOW HITPOINT WARNING * * *
You are too injured to fight recklessly!
You are too injured to fight recklessly!
You are too injured to fight recklessly!
You slice the enormous slime creature!!
The enormous slime creature is severely wounded.
You slash the enormous slime creature!
You headbutt the enormous slime creature!
The enormous slime creature is severely wounded.
The enormous slime creature hits you.
* * * LOW HITPOINT WARNING * * *
You slice the enormous slime creature!!
You headbutt the enormous slime creature.
The enormous slime creature is almost dead.
The enormous slime creature hits you!!!
You die...

#############
#(.((J@.....#
#######
((.#########.#
#.....### #.#
#.###.... #.#
#.# #####
#.###.##
##...#..###
#<###.....####
#.# #.........
#.###.)...###.


You could see an enormous slime creature.

Vanquished Creatures
  The ghost of Wardy the Fighter, a novice DgFi (D:7)
  2 phantoms
  An orc warrior (D:7)
  A sky beast (D:5)
  An ogre (D:4)
  3 centaurs
  A giant frog (D:6)
  A big kobold (D:7)
  2 scorpions (D:7)
  5 killer bees (D:7)
  2 crimson imps (D:5)
  A quasit (D:6)
  An orc wizard (D:3)
  2 orc priests
  2 iguanas
  2 worker ants (D:4)
  7 gnolls (D:3)
  9 adders
  An ooze (D:4)
  4 giant geckos
  8 orcs
  6 bats
  5 giant cockroaches
  4 goblins
  4 hobgoblins
  6 jackals
  12 kobolds
  6 quokkas
  A giant cockroach zombie (D:5)
  A giant gecko skeleton (D:4)
  2 giant newts
  A jackal skeleton (D:6)
  16 rats
121 creatures vanquished.

Notes
Turn   | Place    | Note
--------------------------------------------------------------
     0 | D:1      | nikopol the Minotaur Berserker began the quest for the Orb.
     0 | D:1      | Reached XP level 1. HP: 19/19 MP: 0/0
   323 | D:1      | Reached XP level 2. HP: 27/27 MP: 1/1
   694 | D:2      | Reached ** piety under Trog
   790 | D:2      | Reached skill level 4 in Axes
   804 | D:2      | Reached XP level 3. HP: 27/33 MP: 2/2
  1401 | D:3      | Reached XP level 4. HP: 7/40 MP: 3/3
  1405 | D:3      | HP: 3/60 [orc priest/nerve-wracking pain (5)]
  1534 | D:3      | Reached *** piety under Trog
  1562 | D:3      | Reached XP level 5. HP: 28/47 MP: 4/4
  1577 | D:3      | Found a shimmering altar of Xom.
  1579 | D:3      | Found an oddly glowing altar of Pakellas.
  1600 | D:3      | HP: 3/70 [gnoll (3)]
  1951 | D:3      | Reached skill level 5 in Axes
  2092 | D:3      | Found an ancient bone altar of Kikubaaqudgha.
  2095 | D:3      | Found a snail-covered altar of Cheibriados.
  2720 | D:4      | Noticed a phantom
  2750 | D:4      | Killed a phantom
  2750 | D:4      | Reached skill level 5 in Fighting
  2750 | D:4      | Reached XP level 6. HP: 32/56 MP: 5/5
  3499 | D:4      | Reached skill level 5 in Armour
  3499 | D:4      | Reached XP level 7. HP: 49/62 MP: 6/6
  3674 | D:4      | Found a bloodstained altar of Trog.
  3710 | D:5      | Entered Level 5 of the Dungeon
  4011 | D:5      | Reached skill level 5 in Dodging
  4039 | D:5      | Reached **** piety under Trog
  4059 | D:5      | Reached skill level 6 in Axes
  4105 | D:5      | Found a staircase to the Ecumenical Temple.
  4540 | D:6      | Reached skill level 1 in Bows
  4980 | D:7      | Reached XP level 8. HP: 51/71 MP: 7/7
  5004 | D:7      | Reached skill level 7 in Axes
  5302 | D:7      | Noticed Wardy's ghost (novice DgFi)
  5310 | D:7      | Killed Wardy's ghost
  5310 | D:7      | Reached skill level 8 in Axes
  5310 | D:7      | Reached XP level 9. HP: 79/79 MP: 8/8
  5618 | D:7      | Mangled by an enormous slime creature

Skill      XL: |  1  2  3  4  5  6  7  8 |
---------------+-------------------------+-----
Axes           | 4 5 6 8 |  8.4
Armour         | 3 4 5 6 |  6.8
Fighting       | 4 5 6 7 |  7.4
Dodging        | 3 4 5 6 |  6.4
Bows           | 1 4 |  4.5

Action                   |  1- 3 |  4- 6 |  7- 9 || total
-------------------------+-------+-------+-------++-------
Melee: Hand axe          |    92 |   119 |     5 ||   216
       Headbutt          |     5 |    15 |    27 ||    47
       War axe           |       |       |   105 ||   105
 Fire: Shortbow          |       |       |    37 ||    37
Invok: Berserk           |     1 |     1 |     3 ||     5
       Trog's Hand       |       |     1 |     1 ||     2
       Burn Spellbooks   |       |     1 |     1 ||     2
  Eat: Chunk             |     1 |     9 |     8 ||    18
       Beef jerky        |       |       |     1 ||     1
Armor: Animal skin       |     6 |       |       ||     6
       Leather armour    |    17 |    12 |    44 ||    73
       Ring mail         |       |    20 |       ||    20
Dodge: Dodged            |    65 |    76 |    84 ||   225
